 Dungeon Crawl Stone Soup version 0.14.0-26-g1682e81 (webtiles) character file.

465 Bloax the Changer (level 6, -6/34 (38) HPs)
             Began as an Octopode Transmuter on Apr 27, 2014.
             Killed from afar by an orc wizard (9 damage)
             ... with a magic dart
             ... on Level 5 of the Dungeon.
             The game lasted 00:09:13 (1396 turns).

Bloax the Changer (Octopode Transmuter)             Turns: 1396, Time: 00:09:13

HP  -6/34 (38)   AC  2     Str  8      XL: 6   Next: 52%
MP   9/11        EV 21     Int 15      God:
Gold 134         SH  0     Dex 19      Spells:  3 memorised,  4 levels left

rFire  + . .     SeeInvis .       - Unarmed
rCold  + . .     Clarity  .     (shield currently unavailable)
rNeg   . . .     Conserve .     (helmet currently unavailable)
rPois  .         rCorr    .     (no amulet)
rElec  +         rRot     .     (no ring)
SustAb . .       Spirit   .     (no ring)
rMut   .         Warding  .     (no ring)
Saprov . . .     Stasis   .     (no ring)
MR     .....                    (no ring)
                                (no ring)
                                (no ring)
                                (no ring)

@: spider-form (expiring), quick, not resistant to hostile enchantments,
unstealthy
A: almost no armour, amphibious, 8 rings, (constrict 8), (camouflage 0), blurry
vision 1, slow healing 1, weak 1, (gelatinous body 0)
a: End Transformation


You were on level 5 of the Dungeon.
You were not hungry.
You were in spider-form.
You visited 1 branch of the dungeon, and saw 4 of its levels.

You collected 134 gold pieces.


Innate Abilities, Weirdness & Mutations

You cannot wear most types of armour.
You are amphibious.
You can wear up to eight rings at the same time.*
((You can use your tentacles to constrict many enemies at once.))*
((Your skin changes colour to match your surroundings (Stlth).))*
((Your rubbery body absorbs attacks (AC +1).))*
Your vision is a little blurry.
You heal slowly when monsters are visible.
You are weak. (Str -2)


   Skills:
 - Level 1.0 Fighting
 + Level 3.1 Dodging
 - Level 4.0 Unarmed Combat
 - Level 2.5 Spellcasting
 + Level 4.2 Transmutations
 + Level 3.3 Poison Magic


You had 4 spell levels left.
You knew the following spells:

 Your Spells              Type           Power        Failure   Level  Hunger
a - Beastly Appendage     Trmt           ##....       14%         1    #......
b - Sticks to Snakes      Trmt           ##........   21%         2    ##.....
c - Spider Form           Trmt/Pois      ##........   36%         3    ####...


Dungeon Overview and Level Annotations

Branches:
Dungeon (5/15)
 Temple: D:4-7

Altars:

Inventory:

Missiles
 b - 8 arrows
 i - 5 poisoned needles
Magical devices
 j - a wand of random effects (13) {unknown}
   (You found it on level 5 of the Dungeon)
 m - a wand of fire (9) {unknown}
   (You found it on level 5 of the Dungeon)
Comestibles
 a - 4 bread rations
 n - 2 chunks of worker ant flesh {@*1}
Scrolls
 h - 3 scrolls of remove curse
 k - a scroll of recharging
Jewellery
 g - an uncursed amulet of inaccuracy {unknown}
   (You found it on level 1 of the Dungeon)
Potions
 c - 2 potions of heal wounds
 f - a potion of resistance
Books
 d - a book of Changes

   Spells                             Type                      Level
   *Beastly Appendage                 Transmutation                1
   *Sticks to Snakes                  Transmutation                2
   *Spider Form                       Transmutation/Poison         3
   Ice Form                           Ice/Transmutation            4
   Blade Hands                        Transmutation                5

#.###.#.#.####.....########
#. #................# #####
# #..#.##o#####.##.# #....
#...###.#####.##.# #.###
#...# #.......##.# #.#
..#..# #..#######.# #.#
.#..# #..# #.# #.# # .
#..#######.# #.#
#..s.......# #.#
##.######### ##<### #.#
#..... ####+####### #.# #
##.### ...........# #.. ..#
### # ...........# #.# #.#
# ...........# #.# #.# ###
....7......# #.# #.# #..
..77.77....# #.# #.# #.#


You could see an orc wizard.


Message History

You barely miss the necrophage.
The necrophage is lightly damaged.
The necrophage barely misses you.
Unknown command.
You hit the necrophage.
The necrophage is moderately damaged.
The necrophage barely misses you.
Put on which piece of jewellery? (? for menu, Esc to quit)
Okay, then.
You hit the necrophage.
The necrophage is moderately damaged.
You hit the necrophage but do no damage.
The necrophage is moderately damaged.
You feel your flesh rotting away. The necrophage closely misses you.
You hit the necrophage.
The necrophage is moderately damaged.
The necrophage misses you.
You hit the necrophage.
The necrophage is moderately damaged.
The necrophage closely misses you.
You bite the necrophage!
The necrophage is severely damaged.
The necrophage hits you.
* * * LOW HITPOINT WARNING * * *
You hit the necrophage.
The necrophage is almost destroyed.
Your transformation is almost over.
The necrophage hits you but does no damage.
You hit the necrophage but do no damage.
The necrophage is severely damaged.
The necrophage closely misses you.
Unknown command.
You hit the necrophage.
The necrophage is almost destroyed.
The necrophage completely misses you.
You hit the necrophage.
You destroy the necrophage!
Your Dodging skill increases to level 3!
Your Transmutations skill increases to level 4!
Your Poison Magic skill increases to level 3!
Unknown command.
Use which ability? (? or * to list)
Your transformation has ended.
You fall off the wall.
You see here a necrophage corpse.
An orc wizard comes into view. It is wielding a dagger.
The orc wizard shouts!
The orc wizard casts a spell.
The orc wizard blinks!
Found an apple.
An orc wizard comes into view. It is wielding a dagger.
The orc wizard shouts!
An orc comes into view. It is wielding a glowing flail.
You feel your flesh rotting away.
The orc wizard gestures at you while chanting.
The puff of flame hits you! You resist.
* * * LOW HITPOINT WARNING * * *
A hobgoblin comes into view. It is wielding a club.
Read which item? (? for menu, Esc to quit)
Okay, then.
Casting: Spider Form You turn into a venomous arachnid creature.
The orc wizard casts a spell.
The orc wizard seems to speed up.
Your magical contamination has completely faded away.
Your transformation is almost over.
The orc wizard casts a spell at you. The magic dart hits you!
You die...

Action                   |  1- 3 |  4- 6 || total
-------------------------+-------+-------++-------
Melee: Unarmed           |    38 |    58 ||    96
       Dagger            |    37 |       ||    37
       Long sword        |       |     3 ||     3
 Cast: Beastly Appendage |    10 |       ||    10
       Sticks to Snakes  |     4 |       ||     4
       Spider Form       |     1 |     7 ||     8
 Abil: End Transformatio |       |     3 ||     3
  Use: Scroll            |     6 |     2 ||     8
       Potion            |     1 |     3 ||     4
 Stab: Sleeping          |     2 |       ||     2

Vault maps used:
D:1:      lightli_arrival_quake, corner_web_ring, minmay_door_square
D:2:      first_bread
D:5:      kennysheep_generic_room_2

Notes
Turn   | Place    | Note
--------------------------------------------------------------
     0 | D:1      | Bloax, the Octopode Transmuter, began the quest for the Orb.
     0 | D:1      | Reached XP level 1. HP: 13/13 MP: 3/3
   109 | D:1      | HP: 3/13 [hobgoblin/club (3)]
   189 | D:1      | Reached XP level 2. HP: 6/18 MP: 4/4
   438 | D:1      | Learned a level 2 spell: Sticks to Snakes
   613 | D:2      | Reached XP level 3. HP: 6/23 MP: 1/6
   896 | D:3      | Learned a level 3 spell: Spider Form
   935 | D:3      | Reached skill level 3 in Transmutations
   935 | D:3      | Reached skill level 1 in Poison Magic
   935 | D:3      | Reached XP level 4. HP: 21/28 MP: 5/8
   996 | D:3      | You fall through a shaft for 2 floors!
   996 | D:5      | Entered Level 5 of the Dungeon
  1035 | D:5      | Reached skill level 4 in Unarmed Combat
  1066 | D:5      | Reached XP level 5. HP: 16/33 MP: 5/9
  1114 | D:5      | Reached skill level 2 in Poison Magic
  1339 | D:5      | Noticed a necrophage
  1350 | D:5      | Reached XP level 6. HP: 19/38 MP: 3/11
  1354 | D:5      | Gained mutation: Your vision is a little blurry. [potion of mutation]
  1354 | D:5      | Gained mutation: You are weak. (Str -2) [potion of mutation]
  1354 | D:5      | Gained mutation: You heal slowly when monsters are visible. [potion of mutation]
  1355 | D:5      | HP: 8/36 [necrophage (5)]
  1363 | D:5      | HP: 6/35 [necrophage (2)]
  1367 | D:5      | Killed a necrophage
  1367 | D:5      | Reached skill level 3 in Dodging
  1367 | D:5      | Reached skill level 4 in Transmutations
  1367 | D:5      | Reached skill level 3 in Poison Magic
  1383 | D:5      | HP: 2/34 [orc wizard/puff of flame (6)]
  1396 | D:5      | Killed from afar by an orc wizard

Vanquished Creatures
  A necrophage (D:5)
  A goliath beetle (D:3)
  2 hounds (D:5)
  A jelly (D:5)
  A worker ant (D:5)
  3 adders
  3 giant geckos
  An ooze (D:2)
  3 orcs
  A ball python (D:2)
  5 bats (D:1)
  5 goblins
  7 hobgoblins
  4 jackals (D:2)
  2 giant cockroaches (D:1)
  A giant newt (D:1)
  4 kobolds
  4 rats (D:1)
49 creatures vanquished.

Vanquished Creatures (collateral kills)
  A kobold (D:2)
1 creature vanquished.

Grand Total: 50 creatures vanquished
